Map: Одиссея РВ

Players

ИИ 1 (ученик) - Winner!

  • Race: Terran Terran
  • Spawn Location: 11:00

Doll

  • Race: Zerg Zerg
  • Spawn Location: 5:00

VOD

Have the link to the VOD?

Description

Time

  • Played on: Sept. 16, 2022, 3:20 p.m.
  • Length: 4:13
Show
View Real Time Build Order
Export as new Build Order

ИИ 1 (ученик) Terran - Winner!

Build Orders:  

Get SALT Encoding   

  12  0:00  SCV  
  13  0:14  Supply Depot  
  13  0:18  SCV  
  14  0:30  SCV  
  15  0:41  Barracks  
  15  0:42  SCV  
  16  0:53  Barracks  
  16  0:55  SCV  
  17  1:08  Barracks  
  17  1:11  SCV  
  18  1:25  Supply Depot  
  18  1:26  SCV  
  18  1:29  Marine  
  20  1:40  Orbital Command, Marine  
  20  1:47  Marine  
  21  1:50  Refinery  
  22  1:54  Marine  
  22  2:00  Marine  
  24  2:05  SCV  
  24  2:06  Marine  
  26  2:12  Marine  
  27  2:17  SCV  
  28  2:24  Refinery  
  28  2:29  SCV  
  29  2:33  Reaper  
  29  2:36  Supply Depot  
  30  2:40  Marine  
  30  2:41  SCV  
  30  2:43  Barracks Tech Lab  
  29  2:59  Barracks Tech Lab, Command Center  
  29  3:01  Marine  
  30  3:05  Barracks Reactor  
  30  3:09  SCV  
  31  3:19  Marine, Supply Depot  
  32  3:21  SCV  
  33  3:30  Factory  
  33  3:33  SCV  
  34  3:46  SCV  
  35  3:58  SCV  
  36  4:07  Barracks  
Show
View Real Time Build Order
Export as new Build Order

Doll Zerg 

Build Orders: Pool First 

Get SALT Encoding   

  12  0:01  Drone  
  13  0:22  Spawning Pool  
  13  0:26  Drone  
  13  0:31  Drone  
  14  0:39  Overlord  
  14  1:09  Zergling x2  
  14  1:10  Zergling x4  
  17  1:25  Hatchery  
  16  1:28  Zergling x2  
  17  1:32  Zergling x2  
  18  1:40  Queen  
  18  1:45  Zergling x2  
  21  1:56  Drone  
  22  2:05  Extractor  
  22  2:06  Overlord  
  21  2:23  Roach Warren  
  21  2:27  Drone x2  
  22  2:31  Queen  
  22  2:36  Drone  
  22  2:43  Drone  
  21  2:51  Queen  
  21  2:56  Drone x2  
  21  2:57  Drone  
  26  3:00  Drone  
  26  3:05  Drone  
  28  3:07  Drone  
  29  3:16  Drone x2  
  31  3:23  Queen  
  31  3:26  Drone  
  34  3:32  Drone x2  
  36  3:39  Overlord  
  36  3:53  Overlord  
Tags
 
Add a new tag
Caveats
  • Supply blocks, unpowered buildings, or Contaminate may cause inaccurate times.
  • Supply counts are checked every 10 seconds.